 Dungeon Crawl Stone Soup version 0.27-a0-1325-g58a489ad9e (webtiles) character file.

Game seed: 6463792610395545431

4945 Gwenloh the Basher (level 10, -5/88 HPs)
             Began as a Troll Abyssal Knight on June 24, 2021.
             Was an Elder of Lugonu.
             Slain by a centaur warrior (17 damage)
             ... on level 8 of the Dungeon.
             The game lasted 00:25:03 (7489 turns).

Gwenloh the Basher (Troll Abyssal Knight)           Turns: 7489, Time: 00:25:04

Health: -5/88      AC:  7    Str: 22    XL:     10   Next: 28%
Magic:  13/13      EV: 13    Int:  8    God:    Lugonu [****..]
Gold:   386        SH:  0    Dex: 12    Spells: 9/9 levels left

rFire    . . .     SeeInvis .   p - +0 giant club
rCold    . . .     Faith    .   (shield currently unavailable)
rNeg     . . .     Spirit   .   F - +0 troll leather armour
rPois    .         Reflect  .   (helmet restricted)
rElec    .         Harm     .   I - +0 cloak
rCorr    .         Rampage  .   (gloves unavailable)
Will     .....                  (boots unavailable)
Stlth    +.........             h - amulet of the acrobat
HPRegen  2.24/turn              M - +4 ring of evasion
MPRegen  0.13/turn              (no ring)

@: no status effects
A: large, unfitting armour, claws 3, regeneration 1, shaggy fur 1, tough skin 1
a: Renounce Religion, Depart the Abyss, Bend Space, Banish, Corrupt


You were on level 8 of the Dungeon.
You worshipped Lugonu.
Lugonu was greatly pleased with you.
You visited 2 branches of the dungeon, and saw 9 of its levels.
You visited the Abyss 1 time.

You collected 386 gold pieces.

Inventory:

Hand Weapons
 m - a +0 flail
 p - a +0 giant club (weapon)
Missiles
 d - 174 stones
 n - 5 boomerangs (quivered)
 u - 4 curare-tipped darts
 C - 14 poisoned darts
 G - 3 large rocks
 H - a throwing net
Armour
 D - the +1 robe of the Quahog {rElec}
   (You found it on level 6 of the Dungeon)

   It insulates you from electricity.
 F - a +0 troll leather armour (worn)
 I - a +0 cloak (worn)
Jewellery
 h - an amulet of the acrobat (around neck)
 L - a ring of protection from fire
 M - a +4 ring of evasion (left claw)
Wands
 b - a wand of acid (9)
 y - a wand of iceblast (13)
 A - a wand of polymorph (5)
Scrolls
 a - 3 scrolls of fog {unknown}
 e - 5 scrolls of identify {unknown}
 f - a scroll of noise {unknown}
 g - a scroll of enchant weapon {unknown}
 i - a scroll of blinking {unknown}
 j - 3 scrolls of amnesia {unknown}
 k - 3 scrolls of teleportation {unknown}
 l - 2 scrolls of fear {unknown}
 q - a scroll of acquirement {unknown}
 r - a scroll of vulnerability {unknown}
 t - a scroll of summoning {unknown}
 w - 3 scrolls of brand weapon {unknown}
 B - a scroll of torment {unknown}
Potions
 c - 4 potions of curing {unknown}
 o - a potion of heal wounds {unknown}
 s - a potion of invisibility {unknown}
 v - 2 potions of flight {unknown}
 x - 2 potions of ambrosia {unknown}
 z - a potion of cancellation {unknown}
 E - a potion of berserk rage {unknown}
 N - a potion of might {unknown}
Miscellaneous
 J - a lightning rod (4/4)
 K - a phial of floods


   Skills:
 - Level 2.4 Fighting
 * Level 9.1 Maces & Flails
 * Level 8.7 Throwing
 - Level 1.9 Dodging
 + Level 6.4 Invocations


You had 9 spell levels left.
You didn't know any spells.
Your spell library contained the following spells:

 Spells                   Type           Power      Damage    Failure   Level
 Animate Skeleton         Necr           0%         N/A       45%         1
 Apportation              Tloc           0%         N/A       45%         1
 Beastly Appendage        Tmut           0%         N/A       45%         1
 Corona                   Hex            0%         N/A       45%         1
 Summon Small Mammal      Summ           0%         N/A       45%         1
 Ensorcelled Hibernation  Hex/Ice        0%         N/A       58%         2
 Wereblood                Tmut           0%         N/A       58%         2
 Confusing Touch          Hex            0%         N/A       83%         3
 Dazzling Flash           Conj/Hex       0%         N/A       83%         3
 Spider Form              Tmut/Pois      0%         N/A       83%         3
 Tukima's Dance           Hex            0%         N/A       83%         3
 Ice Form                 Ice/Tmut       0%         N/A       99%         4


Dungeon Overview and Level Annotations

Branches:
Dungeon (8/15)             Temple (1/1) D:7
   Lair: D:8-11

Altars:
Ashenzari
Elyvilon
Fedhas
Gozag
Kikubaaqudgha
Makhleb
Nemelex Xobeh
Okawaru
Qazlal
Ru
Sif Muna
Trog
Vehumet
Xom
Yredelemnul
Zin
The Shining One

Shops:
D:7 (

Annotations:
D:7 3 runed translucent doors, Tempus's ghost, novice HOFi; Zardul's ghost, novice TrBe; bartek7090's ghost, novice HOMo
Abyss:1 Prince Ribbit


Innate Abilities, Weirdness & Mutations

You are too large for most types of armour.
You have claws for hands.
Your natural rate of healing is unusually fast.
You are covered in fur. (AC +1)
You have tough skin. (AC +1)


Message History

The centaur warrior kicks you but does no damage.
You closely miss the centaur warrior.
The centaur warrior is lightly wounded.
The centaur warrior hits you with a +0 quarterstaff!
The centaur warrior kicks you but does no damage.
You hit the centaur warrior but do no damage.
The centaur warrior is lightly wounded.
The centaur warrior closely misses you. The centaur warrior barely misses you.
The centaur warrior hits you with a +0 quarterstaff!
The centaur warrior kicks you but does no damage.
You bludgeon the centaur warrior!!
The centaur warrior is heavily wounded.
The centaur warrior closely misses you.
The centaur warrior kicks you but does no damage.
The centaur warrior hits you with a +0 quarterstaff!
The centaur warrior kicks you but does no damage.
You closely miss the centaur warrior.
The centaur warrior is moderately wounded.
The centaur warrior hits you but does no damage.
The centaur warrior kicks you but does no damage.
You bludgeon the centaur warrior!!
The centaur warrior is severely wounded.
The centaur warrior hits you with a +0 quarterstaff!!
The centaur warrior closely misses you.
The centaur warrior hits you with a +0 quarterstaff!
* * * LOW HITPOINT WARNING * * *
The centaur warrior barely misses you.
You sock the centaur warrior!
The centaur warrior is almost dead.
The centaur warrior barely misses you. The centaur warrior closely misses you.
The centaur warrior hits you with a +0 quarterstaff!
* * * LOW HITPOINT WARNING * * *
The centaur warrior kicks you.
* * * LOW HITPOINT WARNING * * *
You barely miss the centaur warrior.
The centaur warrior is almost dead.
The centaur warrior hits you but does no damage.
The centaur warrior closely misses you.
The centaur warrior hits you with a +0 quarterstaff!
You die...

.....# #..# ...(..
##.## ..(...# ###
#..# .......## #.#
#.## ......†.##
#.###.### #..##
#..#....###
##..###...##....###
##..#....####....####
##c@...## ####....#
#..#### ####.. #.##
### #.# # #.# .## .
.. ..


You could see a centaur warrior.

Vanquished Creatures
  A komodo dragon (D:7)
  A troll (D:6)
  Grinder (D:3)
  Sigmund (D:4)
  A wraith (D:7)
  A steam dragon (D:5)
  Menkaure (D:5)
  2 water moccasins
  An ice beast (D:5)
  2 sky beasts (D:7)
  An orc warrior (D:7)
  A necrophage (D:7)
  2 centaurs (D:7)
  3 ogres
  3 phantoms
  A kobold brigand (D:7)
  4 bullfrogs
  A wyvern zombie (D:6)
  A gnoll sergeant (D:7)
  3 scorpions (D:7)
  A wyvern skeleton (D:7)
  A water moccasin skeleton (D:7)
  A killer bee (D:7)
  2 wights (D:7)
  3 howler monkeys
  2 bullfrog zombies
  2 centaur zombies (D:7)
  3 jellies
  3 orc priests
  A gnoll shaman (D:6)
  A centaur skeleton (D:7)
  A hound (D:7)
  A bullfrog skeleton (D:7)
  2 iguanas
  6 orc wizards
  A howler monkey skeleton (D:6)
  13 gnolls
  5 adders
  2 shadow imps (D:7)
  A white imp (D:5)
  An ufetubus (D:4)
  A worm (D:2)
  3 dart slugs
  13 orcs
  4 endoplasms
  2 giant cockroaches
  9 goblins
  4 hobgoblins
  7 jackals
  4 kobolds (D:1)
  7 ball pythons
  4 bats
  2 frilled lizards
  6 rats
151 creatures vanquished.

Vanquished Creatures (others)
  A kobold (D:3)
  11 plants (D:4)
12 creatures vanquished.

Grand Total: 163 creatures vanquished

Notes
Turn   | Place    | Note
-------+----------+-------------------------------------------
     0 | Abyss:1  | Gwenloh the Troll Abyssal Knight began the quest for the
                  | Orb.
     0 | Abyss:1  | Reached XP level 1. HP: 22/22 MP: 1/1
    29 | D:1      | Escaped the Abyss
   167 | D:1      | Reached skill level 2 in Maces & Flails
   319 | D:1      | Reached XP level 2. HP: 20/29 MP: 2/2
   453 | D:1      | Found a faded altar of an unknown god.
   820 | D:2      | Reached skill level 1 in Throwing
   929 | D:2      | Reached XP level 3. HP: 36/36 MP: 3/3
   956 | D:2      | Reached ** piety under Lugonu
  1525 | D:3      | Found a radiant altar of Vehumet.
  1771 | D:3      | Reached XP level 4. HP: 44/44 MP: 4/4
  2003 | D:3      | Reached skill level 3 in Maces & Flails
  2055 | D:3      | Found a burning altar of Makhleb.
  2055 | D:3      | Noticed a balrug
  2058 | D:3      | Noticed an orange demon
  2058 | D:3      | Noticed a neqoxec
  2138 | D:3      | Noticed Grinder
  2140 | D:3      | Paralysed by Grinder for 7 turns
  2158 | D:3      | Killed Grinder
  2159 | D:3      | Reached skill level 4 in Maces & Flails
  2159 | D:3      | Reached XP level 5. HP: 19/50 MP: 4/6
  2159 | D:3      | Reached XP level 6. HP: 23/59 MP: 4/7
  2546 | D:4      | Noticed Sigmund
  2628 | D:4      | Killed Sigmund
  2629 | D:4      | Reached XP level 7. HP: 46/66 MP: 8/8
  2764 | D:4      | Found a blossoming altar of Fedhas.
  3076 | D:4      | Found a stormy altar of Qazlal.
  3172 | D:4      | Reached skill level 5 in Maces & Flails
  3195 | D:4      | Reached *** piety under Lugonu
  3486 | D:5      | Entered Level 5 of the Dungeon
  3493 | D:5      | Noticed Menkaure
  3657 | D:5      | Reached skill level 5 in Throwing
  3657 | D:5      | Reached XP level 8. HP: 74/74 MP: 8/10
  3755 | D:5      | Killed Menkaure
  3841 | D:5      | Reached skill level 6 in Maces & Flails
  3976 | D:5      | Noticed Prince Ribbit
  4020 | D:5      | Banished Prince Ribbit
  4487 | D:6      | Found a bloodstained altar of Trog.
  4527 | D:6      | Reached skill level 7 in Maces & Flails
  4668 | D:6      | Identified the +1 robe of the Quahog {rElec}
  4825 | D:6      | Reached skill level 5 in Invocations
  4825 | D:6      | Reached XP level 9. HP: 61/80 MP: 11/11
  5211 | D:6      | Noticed a troll
  5224 | D:6      | Killed a troll
  5253 | D:6      | Found an ancient bone altar of Kikubaaqudgha.
  5541 | D:7      | Found a runed translucent gate.
  5542 | D:7      | Found a runed translucent gate.
  5542 | D:7      | Found a runed translucent gate.
  5544 | D:7      | Noticed Tempus's ghost (novice HOFi)
  5544 | D:7      | Noticed Zardul's ghost (novice TrBe)
  5545 | D:7      | Noticed Zardul's ghost (novice TrBe)
  5545 | D:7      | Noticed bartek7090's ghost (novice HOMo)
  5787 | D:7      | Found a staircase to the Ecumenical Temple.
  5794 | Temple   | Entered the Ecumenical Temple
  6173 | D:7      | Reached skill level 8 in Maces & Flails
  6211 | D:7      | Noticed a komodo dragon
  6214 | D:7      | Noticed a cyan ugly thing
  6220 | D:7      | Banished a cyan ugly thing
  6220 | D:7      | Noticed a brown ugly thing
  6425 | D:7      | Reached XP level 10. HP: 15/88 MP: 13/13
  6470 | D:7      | Reached **** piety under Lugonu
  6496 | D:7      | Found a glowing silver altar of Zin.
  6498 | D:7      | Found a sparkling altar of Nemelex Xobeh.
  6630 | D:7      | Reached skill level 9 in Maces & Flails
  6654 | D:7      | Noticed a moth of wrath
  6762 | D:7      | Found a radiant altar of Vehumet.
  6762 | D:7      | Found an opulent altar of Gozag.
  6829 | D:7      | Found Kaghoz's Antique Weapon Shop.
  7364 | D:7      | Upgraded the game from 0.27-a0-1324-ge0d8e047f6 to
                  | 0.27-a0-1325-g58a489ad9e
  7470 | D:8      | Noticed a centaur warrior
  7489 | D:8      | Slain by a centaur warrior

Illustrated notes

Levels and vault maps discovered:
D:1:      elethiomel_arrival_quiet, layout_rooms, ebering_ecumenical_altar_hall,
          minmay_three_crescents
D:2:      layout_loops_cross
D:3:      layout_basic, makhleb_altar_promises_db, fiery_altar_vehumet,
          uniq_grinder
D:4:      minmay_wonky_spiral, layout_loops_cross, kennysheep_mini,
          fedhas_altar_decomposition, nrook_loot_triangle, uniq_sigmund
D:5:      layout_rooms, uniq_prince_ribbit1, uniq_menkaure
D:6:      layout_basic, nrook_mini_backslash, minivault_19,
          chequers_serial_rivers_large_b, hangedman_feature_mirror
D:7:      minmay_the_grid_octo_tiled_squarecenter
          [minmay_the_grid_octo_thin_diamonds, minmay_the_grid_octo_toaster,
          minmay_the_grid_octo_vomiting_pacman, minmay_the_grid_octo_shrine,
          minmay_the_grid_square_5x5_megaprize_diamond,
          minmay_the_grid_square_5x5_detours,
          minmay_the_grid_square_5x5_moneybag, minmay_the_grid_square_5x5_n,
          minmay_the_grid_square_5x5_misaligned], layout_basic, tgw_trog,
          enter_bailey_3, serial_shops, kennysheep_mini_moat,
          gammafunk_ghost_cemetery
D:8:      layout_cave_pods, nicolae_overflow_crystal_walls,
          nicolae_overflow_quartered_altars
Temple:   compressed_dpeg_triangle_lava_temple

Skill      XL: |  1  2  3  4  5  6  7  8  9 10 |
---------------+-------------------------------+-----
Maces & Flails | 2 4 5 7 8 9 |  9.1
Throwing       | 1 3 5 6 8 |  8.7
Invocations    | 2 3 4 5 6 |  6.4
Fighting       | |  2.4
Dodging        | |  1.9

Action                   |  1- 3 |  4- 6 |  7- 9 | 10-12 || total
-------------------------+-------+-------+-------+-------++-------
Melee: Mace              |   127 |       |       |       ||   127
       Flail             |    14 |    58 |     5 |       ||    77
       Giant club        |       |       |   180 |   110 ||   290
Throw: Stone             |    79 |       |       |       ||    79
       Boomerang         |     9 |    19 |   121 |    26 ||   175
       Dart              |       |       |       |     3 ||     3
       Large rock        |       |       |       |     3 ||     3
Invok: Banish            |       |       |     2 |       ||     2
       Bend Space        |       |       |     2 |       ||     2
Armor: Robe              |    59 |    13 |    18 |       ||    90
       Skin              |       |     7 |       |       ||     7
       Troll leather arm |       |       |    42 |    65 ||   107
Dodge: Dodged            |    69 |    27 |   102 |    63 ||   261

Table legend: (Time is in decaauts)
 A = Elapsed time spent in this place.
 B = Non-inter-level travel time spent in this place.
 C = Inter-level travel time spent in this place.
 D = Time resting spent in this place.
 E = Time spent auto-exploring this place.
 F = Levels seen in this place.
 G = Mean time per level.
                   A        B        C        D        E       F      G
               +--------+--------+--------+--------+--------+-----+--------+
         Total |   7662 |   7292 |    370 |    272 |   5269 |  10 |  766.2 |
       Dungeon |   7386 |   7019 |    367 |    272 |   5002 |   8 |  923.2 |
        Temple |    246 |    243 |      3 |      0 |    242 |   1 |  246.0 |
         Abyss |     29 |     29 |      0 |      0 |     25 |   1 |   29.0 |
               +--------+--------+--------+--------+--------+-----+--------+

Top non-repeatable levels by time:
     D:7: 1621 daAuts
     D:6: 1283 daAuts
     D:3: 1110 daAuts
     D:4: 1084 daAuts
     D:1: 802 daAuts
     D:2: 684 daAuts
     D:5: 600 daAuts
  Temple: 246 daAuts
     D:8: 199 daAuts
 Abyss:1: 29 daAuts
